 Dungeon Crawl Stone Soup version 0.25.0-9-g26727b657a (webtiles) character file.

Game seed: 5916506575017264671

21931 HoaS the Warrior (level 12, -7/88 HPs)
             Began as a Gargoyle Gladiator on June 18, 2020.
             Was an Elder of Makhleb.
             Mangled by a minotaur (13 damage)
             ... in a Gauntlet.
             The game lasted 00:42:10 (13907 turns).

HoaS the Warrior (Gargoyle Gladiator)              Turns: 13907, Time: 00:42:10

Health: -7/88      AC: 30    Str: 23    XL:     12   Next: 95%
Magic:  12/12      EV:  8    Int:  9    God:    Makhleb [****..]
Gold:   562        SH:  0    Dex: 11    Spells: 11/11 levels left

rFire    . . .     SeeInvis .   a - +2 quarterstaff
rCold    + . .     Gourm    .   (shield currently unavailable)
rNeg     + . .     Faith    .   J - +0 plate armour
rPois    ∞         Spirit   .   c - +2 helmet
rElec    +         Reflect  .   (no cloak)
rCorr    .         Harm     .   M - +2 pair of gloves
MR       .....     NoTele   +   n - +2 pair of boots {Fly}
Stlth    ..........             i - amulet of the acrobat
HPRegen  0.24/turn              l - ring of stealth
MPRegen  0.13/turn              z - ring of protection from cold

@: flying, starving, hasted, very quick
A: negative energy resistance 1, electricity resistance, unbreathing,
petrification resistance, rot immunity, AC +8
a: Minor Destruction, Lesser Servant of Makhleb, Major Destruction, Renounce
Religion, Stop Flying


You were in a Gauntlet.
You worshipped Makhleb.
Makhleb was greatly pleased with you.
You were starving.

You visited 3 branches of the dungeon, and saw 15 of its levels.
You also visited: Gauntlet.

You collected 562 gold pieces.

Inventory:

Hand Weapons
 a - a +2 quarterstaff (weapon)
Missiles
 g - 33 poisoned darts (quivered)
 h - 8 curare-tipped darts
 I - 17 boomerangs
Armour
 c - a +2 helmet (worn)
 n - a +2 pair of boots of flying (worn)
 J - a +0 plate armour (worn)
 M - a +2 pair of gloves (worn)
Jewellery
 i - an amulet of the acrobat (around neck)
 l - a ring of stealth (left hand)
 p - an uncursed amulet of guardian spirit
 z - a ring of protection from cold (right hand)
 C - the cursed ring of Diletuni {rElec Dex-4 SInv, unknown}
   (You found it in a Gauntlet)

   [ring of dexterity]

   It affects your dexterity (-4).
   It insulates you from electricity.
   It lets you see invisible.
   It has a curse placed upon it.
 F - an uncursed ring of magical power
Wands
 o - a wand of iceblast (5)
 u - a wand of random effects (41)
 v - a wand of acid (11)
 x - a wand of polymorph (13)
Scrolls
 d - a scroll of identify
 j - 7 scrolls of teleportation
 k - 2 scrolls of amnesia
 s - 4 scrolls of remove curse
 y - a scroll of fog
 D - a scroll of blinking
Potions
 b - 3 potions of lignification
 e - a potion of resistance {unknown}
 m - 4 potions of flight
 q - 2 potions of invisibility
 r - 3 potions of curing
 t - 3 potions of magic
 w - 2 potions of haste
 A - a potion of ambrosia {unknown}
 B - a potion of heal wounds
 E - a potion of berserk rage {unknown}
 G - 2 potions of stabbing {unknown}
 K - 2 potions of might {unknown}
Comestibles
 f - 25 rations


   Skills:
 * Level 15.2 Fighting
 - Level 14.0 Staves
 - Level 1.7 Throwing
 + Level 4.7 Armour
 + Level 4.4 Dodging


You had 11 spell levels left.
You didn't know any spells.
Your spell library contained the following spells:

 Spells                   Type           Power        Failure   Level  Hunger
 Foxfire                  Conj/Fire      #...         100%        1    ##.....
 Magic Dart               Conj           #...         100%        1    ##.....
 Blink                    Tloc           N/A          100%        2    ###....
 Call Imp                 Summ           #.......     100%        2    ###....
 Slow                     Hex            #.......     100%        2    ###....
 Conjure Flame            Conj/Fire      #.......     100%        3    ####...
 Inner Flame              Hex/Fire       #.......     100%        3    ####...
 Mephitic Cloud           Conj/Pois/Air  #.......     100%        3    ####...
 Sticky Flame             Conj/Fire      #.......     100%        4    #####..
 Fireball                 Conj/Fire      #.........   100%        5    ######.


Dungeon Overview and Level Annotations

Branches:
Dungeon (12/15)            Temple (1/1) D:7            Lair (2/6) D:11
    Orc (0/2) D:9         Gauntlet (1/1)
  Swamp: Lair:2-4    Shoals: Lair:2-4     Snake: Lair:2-4    Spider: Lair:2-4

Altars:
Ashenzari
Cheibriados
Dithmenos
Elyvilon
Fedhas
Gozag
Hepliaklqana
Kikubaaqudgha
Makhleb
Nemelex Xobeh
Okawaru
Qazlal
Ru
Sif Muna
Trog
Uskayaw
Vehumet
Wu Jian
Xom
Yredelemnul
Zin
The Shining One

Shops:
D:5 *   D:6 ?(}(*

Portals:
Abyss: D:4

Annotations:
D:12 2 transporters, Neel Ube's ghost, journeyman FoFi Gauntlet 10 transporters, exclusion: oklob plant


Innate Abilities, Weirdness & Mutations

You are resistant to torment.
Your stone body is resilient. (AC +8)
You are immune to poison.
You resist negative energy. (rN+)
You are resistant to electric shocks. (rElec)
You can survive without breathing.
You are immune to petrification.
You are immune to rotting.


Message History

The minotaur is almost dead.
You hit the minotaur but do no damage.
The minotaur is almost dead.
The minotaur hits you but does no damage.
The minotaur gores you but does no damage.
You hit the minotaur but do no damage.
The minotaur is almost dead.
You hit the minotaur.
The minotaur is almost dead.
You hit the minotaur.
The minotaur is almost dead.
The minotaur hits you.
* * * LOW HITPOINT WARNING * * *
The minotaur gores you but does no damage.
You hit the minotaur but do no damage.
The minotaur is almost dead.
You barely miss the minotaur.
The minotaur is almost dead.
The minotaur hits you!
You die...

###+## ##..⌠.#
'⌠...# ...⌠+ ∩..
#H#
#######@#######
#.............#
#.###.###.###.#
...........#
#.###.###.###
#.###.###.##### .
...........≈# ###
8 .8.8.8.8.8.8#
### #8#
...............≈#
#8#


You could see a minotaur.

Vanquished Creatures
  Erolcha (D:10)
  A hydra (D:12)
  4 two-headed ogres
  3 sixfirhies (Gauntlet)
  An unseen horror (D:10)
  Pikel (D:5)
  A manticore (D:12)
  A deep elf mage (D:9)
  4 ugly things
  A cyclops (D:12)
  2 spiny frogs (Lair:2)
  2 komodo dragons
  A queen bee (Gauntlet)
  A merfolk (D:11)
  2 trolls (D:12)
  Grinder (D:5)
  4 blink frogs (Lair:1)
  A hippogriff (D:12)
  5 shadows
  The ghost of zergursh the Conjurer, an amateur DECj (D:4)
  11 yaks
  A wyvern (D:12)
  2 hungry ghosts
  Edmund (D:4)
  A water moccasin (Lair:2)
  Duvessa (D:5)
  2 black bears (D:9)
  A slave (D:5)
  3 ice beasts
  2 sky beasts
  8 orc warriors
  3 ogres
  2 phantoms
  9 centaurs
  A crocodile (Lair:1)
  A big kobold (D:10)
  Blork the orc (D:6)
  3 bullfrogs
  A water moccasin zombie (D:11)
  A wyvern skeleton (D:9)
  Dowan (D:5)
  3 scorpions
  9 killer bees
  2 small abominations (D:4)
  4 wights (D:6)
  2 centaur zombies
  2 howler monkeys (D:5)
  7 orc priests
  A bullfrog zombie (D:12)
  7 crimson imps
  2 centaur skeletons
  An iron imp (D:8)
  A bullfrog skeleton (D:5)
  A gnoll shaman (D:5)
  8 hounds
  17 orc wizards
  Jessica (D:3)
  Ijyb (D:3)
  Terence (D:3)
  5 iguanas
  9 worker ants
  4 hound skeletons
  A worker ant zombie (D:9)
  A howler monkey zombie (D:6)
  7 adders
  11 gnolls
  5 shadow imps
  2 oozes
  An adder skeleton (D:5)
  2 worms (D:3)
  2 dart slugs
  3 leopard geckos
  36 orcs
  6 bats
  6 giant cockroaches
  7 goblins
  12 hobgoblins
  5 jackals
  5 quokkas
  A ball python (D:2)
  6 frilled lizards
  2 goblin skeletons (D:8)
  A goblin zombie (D:8)
  3 hobgoblin zombies (D:8)
  A jackal skeleton (D:5)
  6 kobolds
  2 kobold skeletons (D:8)
  2 kobold zombies (D:8)
  A leopard gecko skeleton (D:6)
  An orc zombie (D:8)
  A quokka skeleton (D:4)
  8 rats
329 creatures vanquished.

Vanquished Creatures (others)
  2 slaves (D:5)
  A gnoll (D:5)
  An orc (D:11)
  A frilled lizard (D:5)
  11 demonic plants (Gauntlet)
  A withered plant (Gauntlet)
17 creatures vanquished.

Grand Total: 346 creatures vanquished

Notes
Turn   | Place    | Note
-------+----------+-------------------------------------------
     0 | D:1      | HoaS the Gargoyle Gladiator began the quest for the Orb.
     0 | D:1      | Reached XP level 1. HP: 12/12 MP: 1/1
   182 | D:1      | Reached XP level 2. HP: 11/18 MP: 2/2
   739 | D:1      | Reached XP level 3. HP: 22/22 MP: 3/3
  1090 | D:2      | Found a faded altar of an unknown god.
  1680 | D:3      | Reached skill level 3 in Fighting
  1685 | D:3      | Found a shattered altar of Ashenzari.
  1688 | D:3      | Found a sacrificial altar of Ru.
  1691 | D:3      | Found a blossoming altar of Fedhas.
  1735 | D:3      | Found a snail-covered altar of Cheibriados.
  1940 | D:3      | Found a glowing silver altar of Zin.
  2019 | D:3      | Reached XP level 4. HP: 16/28 MP: 4/4
  2412 | D:3      | Noticed Terence
  2434 | D:3      | Killed Terence
  2504 | D:3      | Noticed Jessica
  2518 | D:3      | Killed Jessica
  2518 | D:3      | Reached XP level 5. HP: 32/32 MP: 5/5
  2555 | D:3      | Reached skill level 5 in Staves
  2704 | D:3      | Noticed Ijyb
  2734 | D:3      | Killed Ijyb
  2847 | D:3      | Found a radiant altar of Vehumet.
  3014 | D:4      | Noticed a small abomination
  3017 | D:4      | Noticed zergursh's ghost (amateur DECj)
  3052 | D:4      | Found a transporter.
  3060 | D:4      | Found a transporter.
  3114 | D:4      | Noticed Edmund
  3148 | D:4      | Killed Edmund
  3148 | D:4      | Reached skill level 4 in Fighting
  3148 | D:4      | Reached XP level 6. HP: 34/39 MP: 6/6
  3321 | D:4      | Found a snail-covered altar of Cheibriados.
  3435 | D:5      | Entered Level 5 of the Dungeon
  3435 | D:5      | Noticed Grinder
  3470 | D:5      | Killed Grinder
  3470 | D:5      | Reached skill level 5 in Fighting
  3470 | D:5      | Reached XP level 7. HP: 19/44 MP: 7/7
  3659 | D:5      | Found Imankim's Assorted Antiques.
  3681 | D:5      | Noticed Dowan
  3704 | D:5      | Killed Dowan
  3760 | D:5      | Noticed Pikel
  4008 | D:5      | Killed Pikel
  4008 | D:5      | Reached skill level 6 in Fighting
  4008 | D:5      | Reached XP level 8. HP: 40/52 MP: 8/8
  4010 | D:5      | Noticed Duvessa
  4034 | D:5      | Killed Duvessa
  4648 | D:6      | Reached skill level 7 in Fighting
  4934 | D:6      | Noticed Blork the orc
  4960 | D:6      | Killed Blork the orc
  4960 | D:6      | Reached XP level 9. HP: 42/57 MP: 9/9
  5138 | D:6      | Found Jom Qida's Gadget Shop.
  5198 | D:6      | Found Apuav's Magic Scroll Emporium.
  5375 | D:6      | Reached skill level 10 in Staves
  5384 | D:6      | Found Zoreut's Antique Weapon Emporium.
  5537 | D:6      | Found Dioklen's General Store.
  5863 | D:6      | Found Koivemp's Weapon Shop.
  5955 | D:7      | Reached skill level 8 in Fighting
  5995 | D:7      | Found a hide-covered altar of Uskayaw.
  6166 | D:7      | Found a staircase to the Ecumenical Temple.
  6171 | D:7      | Noticed a two-headed ogre
  6173 | Temple   | Entered the Ecumenical Temple
  6246 | Temple   | Became a worshipper of Makhleb the Destroyer
  6279 | D:7      | Killed a two-headed ogre
  6848 | D:8      | Reached skill level 9 in Fighting
  6934 | D:8      | Reached XP level 10. HP: 66/66 MP: 10/10
  7216 | D:8      | Found a glowing golden altar of the Shining One.
  7361 | D:9      | Reached * piety under Makhleb
  7509 | D:9      | Noticed a deep elf mage
  7518 | D:9      | Killed a deep elf mage
  8144 | D:9      | Reached skill level 10 in Fighting
  8388 | D:9      | Reached ** piety under Makhleb
  8509 | D:9      | Found a staircase to the Orcish Mines.
  8597 | D:10     | Entered Level 10 of the Dungeon
  9068 | D:10     | Reached XP level 11. HP: 65/73 MP: 11/11
  9144 | D:10     | Noticed Erolcha
  9155 | D:10     | Paralysed by Erolcha for 6 turns
  9164 | D:10     | Killed Erolcha
  9447 | D:10     | Killed an unseen horror
  9447 | D:10     | Reached skill level 11 in Fighting
  9708 | D:11     | Reached *** piety under Makhleb
  9847 | D:11     | Found a staircase to the Lair.
  9862 | D:11     | Noticed a green ugly thing
  9889 | D:11     | Killed a green ugly thing
 10015 | D:11     | Noticed a red ugly thing
 10035 | D:11     | Killed a red ugly thing
 10035 | D:11     | Reached skill level 12 in Fighting
 10172 | D:11     | Noticed a two-headed ogre
 10186 | D:11     | Killed a two-headed ogre
 10879 | D:4      | Found a one-way gate to the infinite horrors of the Abyss.
 10889 | D:4      | Killed zergursh's ghost
 11078 | D:12     | Noticed a two-headed ogre
 11096 | D:12     | Killed a two-headed ogre
 11096 | D:12     | Reached skill level 13 in Fighting
 11328 | D:12     | Reached XP level 12. HP: 84/84 MP: 12/12
 11580 | D:12     | Noticed a seven-headed hydra
 11612 | D:12     | Killed a seven-headed hydra
 11612 | D:12     | Reached skill level 14 in Fighting
 11641 | D:12     | Reached skill level 1 in Armour
 11675 | D:12     | Noticed a two-headed ogre
 11699 | D:12     | Killed a two-headed ogre
 12104 | D:12     | Noticed Neel Ube's ghost (journeyman FoFi)
 12104 | D:12     | Noticed a two-headed ogre
 12105 | D:12     | Found a transporter.
 12105 | D:12     | Noticed a two-headed ogre
 12105 | D:12     | Noticed a two-headed ogre
 12107 | D:12     | Noticed a two-headed ogre
 12108 | D:12     | Found a transporter.
 12173 | D:12     | Reached **** piety under Makhleb
 12611 | Lair:1   | Entered Level 1 of the Lair of Beasts
 12828 | Lair:1   | You fall into a shaft and drop 1 floor!
 12881 | Lair:2   | Found a gate leading to a gauntlet.
 12909 | Gauntlet | Entered a Gauntlet
 12909 | Gauntlet | Found a transporter.
 12909 | Gauntlet | Found a transporter.
 13063 | Gauntlet | Found a transporter.
 13078 | Gauntlet | Found a transporter.
 13092 | Gauntlet | Found a transporter.
 13105 | Gauntlet | Found a transporter.
 13124 | Gauntlet | Found a transporter.
 13194 | Gauntlet | Found a transporter.
 13208 | Gauntlet | Found a transporter.
 13224 | Gauntlet | Found a transporter.
 13225 | Gauntlet | Noticed a catoblepas
 13237 | Gauntlet | Found a transporter.
 13253 | Gauntlet | Found a transporter.
 13320 | Gauntlet | Found a transporter.
 13328 | Gauntlet | Found a transporter.
 13331 | Gauntlet | Found a transporter.
 13331 | Gauntlet | Found a transporter.
 13618 | Gauntlet | Reached skill level 15 in Fighting
 13743 | Gauntlet | Got a fine bronze ring
 13875 | Gauntlet | Noticed a minotaur
 13907 | Gauntlet | Mangled by a minotaur

Illustrated notes

Levels and vault maps discovered:
D:1:      moated_graveyard_arrival, layout_basic, corexii_corridor_pit
D:2:      layout_basic, first_ration, chequers_ecumenical_altar_simple,
          patterned_corridor
D:3:      layout_loops_ring, lemuel_coloured_pillars_altar, lemuel_round_altar,
          grunt_temple_overflow_diamond, lemuel_crystal_altar, serial_bayou,
          serial_bayou_pond_e, serial_bayou_crossing, serial_bayou_pond_d,
          serial_bayou_ford_a, uniq_ijyb, uniq_terence, uniq_jessica
D:4:      layout_rooms, gammafunk_ghost_abyssal_escape, cheibriados_altar_1,
          uniq_edmund
D:5:      layout_loops_ring, serial_shops, shop, uniq_duvessa, uniq_grinder,
          uniq_pikel
D:6:      layout_basic, serial_shops, shop, kennysheep_little_box, shop,
          kennysheep_mini, shop, uniq_blork_the_orc
D:7:      layout_basic, eat_drink_and_be_merry_uskayaw, minmay_temple_entry_mist
D:8:      layout_cave_pools, nicolae_tso_besieged_by_evil
D:9:      layout_basic, david_orc_4
D:10:     layout_small_grid, feat_on_display, uniq_erolcha
D:11:     nicolae_whirlpool, layout_irregular_city, lair_entry_dummy,
          hangedman_stone_soup, hangedman_decor_riveting
D:12:     layout_loops_corners, gammafunk_ghost_smash,
          hangedman_abyss_or_decor_lesser_grid
Temple:   jpeg_temple_clearing
Lair:1:   layout_chaotic_city, serial_bayou_pond_e, dpeg_stationary_puzzle,
          infiniplex_staircase_pool
Lair:2:   layout_loops_ring, gauntlet_entry_generic, beast_lair_carwin_1,
          infiniplex_staircase_pool_2, grunt_megastairs_3
Gauntlet: gammafunk_gauntlet_branching [gammafunk_gauntlet_arena_mazey,
          gammafunk_gauntlet_arena_teeth,
          gammafunk_gauntlet_arena_split_diamond, gammafunk_gauntlet_arena_grid,
          nicolae_gauntlet_arena_x, gammafunk_gauntlet_arena_corners,
          nicolae_gauntlet_arena_blocks, gammafunk_gauntlet_arena_hedges,
          gauntlet_exit_hidden_loot]

Skill      XL: |  1  2  3  4  5  6  7  8  9 10 11 12 |
---------------+-------------------------------------+-----
Staves         | 4 5 6 8 9 11 13 14 | 14.0
Fighting       | 3 4 5 6 7 9 10 13 15 | 15.2
Armour         | 4 |  4.7
Dodging        | 4 |  4.4
Throwing       | |  1.7

Action                   |  1- 3 |  4- 6 |  7- 9 | 10-12 || total
-------------------------+-------+-------+-------+-------++-------
Melee: Quarterstaff      |   147 |   144 |   423 |  1089 ||  1803
Throw: Dart              |       |    11 |       |     7 ||    18
       Throwing net      |       |     1 |     6 |       ||     7
Evoke: Wand              |       |       |       |     5 ||     5
  Use: Scroll            |     7 |     2 |     6 |    13 ||    28
       Potion            |       |       |       |     4 ||     4
 Stab: Held in net/web   |       |     1 |     4 |       ||     5
  Eat: Chunk             |     4 |     4 |    12 |    21 ||    41
       Ration            |       |       |       |     1 ||     1
Armor: Leather armour    |    10 |       |       |       ||    10
       Ring mail         |    45 |       |       |       ||    45
       Chain mail        |     2 |    14 |       |       ||    16
       Scale mail        |       |    54 |   177 |    98 ||   329
       Plate armour      |       |       |       |   493 ||   493
Dodge: Dodged            |    86 |    64 |   165 |   362 ||   677
